 Dungeon Crawl Stone Soup version 0.29.1-12-g30fa7ad0bf (webtiles) character file.

Game seed: 13149173187953501256

27920 wormed the Fighter (level 13, -19/108 HPs)
             Began as a Demonspawn Conjurer on Dec 27, 2022.
             Was a Priest of Vehumet.
             Killed from afar by a frost giant (28 damage)
             ... with a bolt of cold
             ... in an ice cave.
             The game lasted 01:08:00 (21924 turns).

wormed the Fighter (Demonspawn Conjurer)           Turns: 21924, Time: 01:08:00

Health: -19/108    AC: 12    Str:  9    XL:     13   Next: 7%
Magic:  0/25       EV: 13    Int: 23    God:    Vehumet [***...]
Gold:   692        SH:  9    Dex: 12    Spells: 8/28 levels left

rFire   . . .      SeeInvis .   k - staff of cold
rCold   + . .      Faith    .   r - +0 buckler
rNeg    . . .      Spirit   .   M - +2 robe {Will+}
rPois   .          Reflect  .   z - +0 helmet
rElec   .          Harm     .   (no cloak)
rCorr   .          Rampage  .   (gloves unavailable)
Will    +....                   u - +2 pair of boots
Stlth   +++.......              (no amulet)
HPRegen 0.28/turn               Q - ring of flight
MPRegen 0.19/turn               S - +4 ring of protection

@: flying, studying 2 skills
A: claws 3, large bone plates 1, ignite blood 2, powered by death 1
a: Renounce Religion


You were in an ice cave.
You worshipped Vehumet.
Vehumet was most pleased with you.
You visited 3 branches of the dungeon, and saw 14 of its levels.
You also visited: Ice Cave.

You collected 786 gold pieces.
You spent 94 gold pieces at shops.

Inventory:

Hand Weapons
 i - a +1 demon blade of electrocution
 t - the +5 spear of Hubris {freeze, rPois Int+3}
   (You found it on level 4 of the Dungeon)

   It freezes those it strikes, dealing additional cold damage.
   It can also slow down cold-blooded creatures.
   Int:       It affects your intelligence (+3).
   rPois:     It protects you from poison.
 L - a +0 demon whip of venom
Missiles
 T - 3 throwing nets
Armour
 c - the +1 robe of the Yeti {Int+2}
   (You found it on level 6 of the Dungeon)

   Int:       It affects your intelligence (+2).
 r - a +0 buckler (worn)
 u - a +2 pair of boots (worn)
 z - a +0 helmet (worn)
 M - a +2 robe of willpower (worn)
Magical Staves
 k - a staff of cold (weapon)
 N - a staff of poison
Jewellery
 h - an amulet of guardian spirit
 p - a +4 ring of evasion
 v - a ring of protection from fire
 w - a ring of poison resistance
 C - a ring of resist corrosion
 Q - a ring of flight (left claw)
 S - a +4 ring of protection (right claw)
 U - a ring of willpower
 W - a ring of fire
 X - a ring of see invisible
 Z - a ring of positive energy
Wands
 y - a wand of quicksilver (17)
 K - a wand of iceblast (20)
 Y - a wand of mindburst (4) (quivered)
Scrolls
 e - 2 scrolls of enchant weapon {unknown}
 l - 2 scrolls of torment {unknown}
 m - 2 scrolls of enchant armour {unknown}
 n - 4 scrolls of teleportation
 B - a scroll of summoning {unknown}
 D - a scroll of immolation {unknown}
 F - a scroll of magic mapping {unknown}
 H - a scroll of amnesia {unknown}
 I - 3 scrolls of vulnerability {unknown}
 J - a scroll of poison {unknown}
 O - 3 scrolls of blinking {unknown}
 V - a scroll of fog {unknown}
Potions
 a - 3 potions of resistance
 d - a potion of ambrosia
 f - 3 potions of might
 g - 12 potions of degeneration
 j - 2 potions of mutation
 o - 5 potions of flight
 q - 5 potions of lignification {unknown}
 s - 3 potions of attraction
 x - 7 potions of curing
 A - a potion of berserk rage
 E - a potion of heal wounds
 G - a potion of invisibility


   Skills:
 - Level 12.0 Fighting
 + Level 9.6 Staves
 - Level 5.0 Dodging
 - Level 5.0 Stealth
 - Level 5.0 Shields
 - Level 8.0 Spellcasting
 - Level 10.0 Conjurations
 * Level 2.4 Fire Magic
 - Level 5.0 Evocations


You had 8 spell levels left.
You knew the following spells:

 Your Spells              Type           Power      Damage    Failure   Level
a - Scorch                Fire           40%        2d7       1%          2
b - Searing Ray           Conj           100%       2d8       1%          2
c - Fulminant Prism       Conj/Hex       16%        3d11      3%          4
d - Iskenderun's Mystic   Conj/Tloc      32%        2d8       3%          4
e - Conjure Flame         Conj/Fire      37%        6-21      1%          3
f - Flame Wave            Conj/Fire      37%        2d10      1%          4
g - Magic Dart            Conj           100%       1d8       1%          1

Your spell library contained the following spells:

 Spells                   Type           Power      Damage    Failure   Level
 Dazzling Flash           Conj/Hex       64%        N/A       1%          3
 Freeze                   Ice            52%        1d7       2%          1
 Poisonous Vapours        Pois/Air       18%        N/A       3%          2
 Hailstorm                Conj/Ice       48%        3d11      3%          4
 Frozen Ramparts          Ice            26%        1d4       7%          3
 Ensorcelled Hibernation  Hex/Ice        26%        N/A       13%         2
 Spider Form              Tmut/Pois      9%         N/A       26%         3
 Anguish                  Hex/Necr       4%         N/A       65%         4
 Corpse Rot               Necr/Pois/Air  9%         N/A       65%         4
 Summon Cactus Giant      Summ           4%         N/A       100%        6


Dungeon Overview and Level Annotations

Branches:
Dungeon (11/15)            Temple (1/1) D:6            Lair (2/5) D:8
    Orc (0/2) D:9           IceCv (1/1)
  Swamp: Lair:2-3    Shoals: Lair:2-3     Snake: Lair:2-3    Spider: Lair:2-3

Altars:
Ashenzari
Cheibriados
Dithmenos
Fedhas
Gozag
Hepliaklqana
Kikubaaqudgha
Makhleb
Nemelex Xobeh
Okawaru
Qazlal
Ru
Sif Muna
Trog
Uskayaw
Vehumet
Wu Jian
Xom
Yredelemnul

Shops:
D:3 [

Annotations:
D:6 3 runed translucent doors, bnorton916's ghost, novice DEFE
D:7 1 runed translucent door, Cheops's ghost, novice MiFi IceCv exclusion: ice statue


Innate Abilities, Weirdness & Mutations

You have claws for hands.
You are partially covered in large bone plates. (SH +4)
Your demonic aura often causes spilled blood to erupt in flames.
You regenerate a little health from kills.


Message History

Press: ? - help, v - describe, . - travel
Here: a frost giant, wielding a +2 battleaxe of freezing (heavily wounded, more vulnerable to fire)
The floor.
Casting: Scorch (safe; 1% risk of failure)
Confirm with . or Enter, or press ? or * to list all spells.
Aiming: Searing Ray (safe; 1% risk of failure)
Press: ? - help, Shift-Dir - straight line, f - frost giant
Aim: a frost giant, wielding a +2 battleaxe of freezing (heavily wounded, more vulnerable to fire, 98% to hit)
Okay, then.
Casting: Searing Ray (safe; 1% risk of failure)
Confirm with . or Enter, or press ? or * to list all spells.
Flames lash the frost giant but do no damage.
Casting: Scorch (safe; 1% risk of failure)
Confirm with . or Enter, or press ? or * to list all spells.
Flames lash the frost giant.
The frost giant is burned terribly!
The frost giant is heavily wounded.
You block the frost giant's attack.
Your magical contamination has completely faded away.
Casting: Scorch (safe; 1% risk of failure)
Confirm with . or Enter, or press ? or * to list all spells.
Flames lash the frost giant.
The frost giant is burned terribly!
The frost giant is severely wounded.
The frost giant hits you with a +2 battleaxe of freezing.
Casting: Scorch (safe; 1% risk of failure)
Confirm with . or Enter, or press ? or * to list all spells.
You don't have enough magic to cast this spell.
Casting: Scorch (safe; 1% risk of failure)
Confirm with . or Enter, or press ? or * to list all spells.
Flames lash the frost giant.
The frost giant is burned terribly!
The frost giant is severely wounded.
The frost giant hits you with a +2 battleaxe of freezing!!
The frost giant freezes you.
* * * LOW HITPOINT WARNING * * *
The frost giant points at you and mumbles some strange words.
The bolt of cold hits you!! You resist.
* * * LOW HITPOINT WARNING * * *
You hear a sizzling sound!
The frost giant points at you and mumbles some strange words.
The bolt of cold hits you!! You resist.
You die...

# # #### ## #### ##..##
#≈ ####
####..###..#.###≈
##..###.#..#.#..#..C#.≈
#.#.##.#.C#....####..#.
#..##...######## ###.#
#.#..#@## ### #..#..##
#.#.#.# #..#.## ####
##..#.## ##..##
####..### ##....#
##...###..##.#
###..#..##..##
##...###.#.##


You could see a frost giant (combustible).

Vanquished Creatures
  3 hydras
  A two-headed ogre (D:9)
  Harold (D:10)
  4 death yaks (IceCv)
  Amaemon (D:8)
  An ugly thing (IceCv)
  3 black mambas (Lair:1)
  3 elephants (Lair:1)
  6 cane toads
  Maggie (D:8)
  2 unseen horrors (D:10)
  6 rime drakes (IceCv)
  Psyche (D:8)
  2 komodo dragons (Lair:1)
  An orange demon (D:8)
  3 polar bears (IceCv)
  A queen bee (shapeshifter) (D:11)
  2 trolls (D:9)
  Prince Ribbit (D:5)
  4 blink frogs (Lair:2)
  2 wraiths
  Sigmund (D:2)
  34 yaks
  4 basilisks (Lair:1)
  A wyvern (D:7)
  An acid dragon (D:9)
  7 water moccasins
  An orc warrior (D:9)
  A sky beast (D:7)
  A swamp drake (D:9)
  3 ice beasts (D:6)
  2 black bears
  3 ogres
  3 centaurs
  5 wolves (IceCv)
  A phantom (D:6)
  2 kobold brigands
  8 bullfrogs
  A necrophage (D:5)
  3 scorpions
  A water moccasin zombie (D:6)
  25 wights
  6 killer bees
  2 electric eels (D:9)
  A howler monkey (D:9)
  A crimson imp (D:3)
  A bullfrog zombie (D:6)
  8 orc priests
  6 hounds
  2 jellies
  13 orc wizards
  6 iguanas
  Terence (D:2)
  5 adders
  An ufetubus (D:7)
  6 worms
  3 dart slugs
  29 orcs
  6 endoplasms
  13 goblins
  7 hobgoblins
  5 jackals
  16 kobolds
  2 quokkas
  13 ball pythons
  4 bats
  A frilled lizard (D:2)
  6 rats
  A bush (Lair:1)
322 creatures vanquished.

Vanquished Creatures (others)
  7 bushes (Lair:1)
  175 fulminant prisms
  13 fungi
  21 plants
216 creatures vanquished.

Grand Total: 538 creatures vanquished

Notes
Turn   | Place    | Note
-------+----------+-------------------------------------------
     0 | D:1      | wormed the Demonspawn Conjurer began the quest for the Orb.
     0 | D:1      | Reached XP level 1. HP: 13/13 MP: 3/3
   152 | D:1      | Found a faded altar of an unknown god.
   294 | D:1      | Gained mutation: You have sharp fingernails. [demonic
                  | ancestry]
   294 | D:1      | Reached XP level 2. HP: 19/19 MP: 1/5
   297 | D:1      | Learned a level 2 spell: Searing Ray
   450 | D:1      | Found Ledim's General Store.
  1271 | D:2      | Gained mutation: Your demonic aura sometimes causes spilled
                  | blood to erupt in flames. [demonic ancestry]
  1271 | D:2      | Reached XP level 3. HP: 24/24 MP: 0/7
  1717 | D:2      | Found the amulet of Elemental Vulnerability {rPois rF--
                  | rC-- AC+8}
  1780 | D:2      | Noticed Sigmund
  2089 | D:2      | Noticed Terence
  2170 | D:2      | Killed Terence
  2171 | D:2      | Reached XP level 4. HP: 30/30 MP: 0/10
  2344 | D:2      | Killed Sigmund
  2345 | D:2      | Reached skill level 5 in Conjurations
  2345 | D:2      | Gained mutation: You have very sharp fingernails. [demonic
                  | ancestry]
  2345 | D:2      | Reached XP level 5. HP: 35/35 MP: 5/11
  2915 | D:3      | Noticed an ogre
  2926 | D:3      | Killed an ogre
  2927 | D:3      | Reached skill level 5 in Stealth
  2927 | D:3      | Reached XP level 6. HP: 41/41 MP: 5/12
  2932 | D:3      | Learned a level 4 spell: Fulminant Prism
  2937 | D:3      | Learned a level 4 spell: Iskenderun's Mystic Blast
  3411 | D:3      | Found an iron altar of Okawaru.
  3652 | D:3      | Found a shimmering altar of Xom.
  3652 | D:3      | Found a burning altar of Makhleb.
  3825 | D:3      | Found Calaicha's Antique Armour Boutique.
  3852 | D:3      | Gained mutation: Your demonic aura often causes spilled
                  | blood to erupt in flames. [demonic ancestry]
  3852 | D:3      | Reached XP level 7. HP: 12/46 MP: 3/13
  4086 | D:3      | Bought a buckler for 94 gold pieces
  4606 | D:4      | Identified the +5 spear of Hubris {freeze, rPois Int+3}
  5402 | D:5      | Entered Level 5 of the Dungeon
  5574 | D:5      | Reached skill level 1 in Shields
  6031 | D:5      | Reached XP level 8. HP: 52/52 MP: 8/14
  6396 | D:5      | Noticed Prince Ribbit
  6402 | D:5      | Killed Prince Ribbit
  6689 | D:6      | Identified the +1 robe of the Yeti {Int+2}
  6937 | D:6      | Reached skill level 10 in Conjurations
  6969 | D:6      | Found a staircase to the Ecumenical Temple.
  6991 | Temple   | Entered the Ecumenical Temple
  7245 | D:6      | Gained mutation: You are partially covered in large bone
                  | plates. (SH +4) [demonic ancestry]
  7245 | D:6      | Reached XP level 9. HP: 57/57 MP: 10/15
  7257 | D:6      | Reached skill level 5 in Shields
  7531 | D:6      | Found a runed translucent gate.
  7531 | D:6      | Found a runed translucent gate.
  7531 | D:6      | Found a runed translucent gate.
  7531 | D:6      | Noticed bnorton916's ghost (novice DEFE)
  7533 | D:6      | Found a basalt altar of Yredelemnul.
  7727 | D:7      | Reached skill level 5 in Spellcasting
  8120 | D:7      | Found an opulent altar of Gozag.
  8156 | D:7      | Found a shimmering blue altar of Sif Muna.
  8439 | D:7      | Found a runed translucent door.
  8439 | D:7      | Noticed Cheops's ghost (novice MiFi)
  8796 | D:8      | Noticed Maggie
  8802 | D:8      | Killed Maggie
  8803 | D:8      | Reached skill level 2 in Fighting
  8900 | D:8      | Found a staircase to the Lair.
  8919 | D:8      | Found a hide-covered altar of Uskayaw.
  8973 | D:8      | Reached skill level 3 in Fighting
  8973 | D:8      | Reached XP level 10. HP: 57/70 MP: 10/22
  9156 | D:8      | Noticed Psyche
  9162 | D:8      | Killed Psyche
  9163 | D:8      | Reached skill level 4 in Fighting
  9167 | D:8      | Noticed Amaemon
  9360 | D:8      | Reached skill level 5 in Fighting
  9530 | D:8      | Found a sacrificial altar of Ru.
  9603 | D:8      | Killed Amaemon
  9604 | D:8      | Reached skill level 6 in Fighting
  9628 | D:8      | Noticed an orange demon
  9733 | D:8      | Killed an orange demon
  9845 | D:8      | Found a sparkling altar of Nemelex Xobeh.
  9875 | D:8      | Reached skill level 7 in Fighting
 10620 | D:9      | Found a radiant altar of Vehumet.
 10639 | D:9      | Became a worshipper of Vehumet
 10732 | D:9      | Reached skill level 8 in Fighting
 11088 | D:9      | Reached * piety under Vehumet
 11088 | D:9      | Offered knowledge of Shock by Vehumet.
 11202 | D:9      | Noticed a two-headed ogre
 11451 | D:9      | Reached skill level 9 in Fighting
 11459 | D:9      | Identified the +6 chain mail of Absence {rN++ Int+4}
 12144 | D:9      | Reached ** piety under Vehumet
 12166 | D:9      | Offered knowledge of Foxfire by Vehumet.
 12299 | D:9      | Gained mutation: You regenerate a little health from kills.
                  | [demonic ancestry]
 12299 | D:9      | Reached XP level 11. HP: 90/90 MP: 16/23
 12342 | D:9      | Found a staircase to the Orcish Mines.
 12593 | D:9      | Reached skill level 10 in Fighting
 12838 | D:9      | Killed a two-headed ogre
 13270 | D:10     | Entered Level 10 of the Dungeon
 13328 | D:10     | Found an ornate altar of the Wu Jian Council.
 13358 | D:10     | Offered knowledge of Mephitic Cloud by Vehumet.
 13359 | D:10     | Reached skill level 11 in Fighting
 13689 | D:10     | Found a shadowy altar of Dithmenos.
 14069 | D:10     | Noticed Harold
 14094 | D:10     | Killed Harold
 14095 | D:10     | Reached skill level 12 in Fighting
 14349 | D:10     | You fall into a shaft and drop 1 floor!
 14525 | D:11     | Noticed a two-headed ogre
 14789 | D:11     | Noticed a wizard
 14960 | Lair:1   | Entered Level 1 of the Lair of Beasts
 15042 | Lair:1   | Noticed a four-headed hydra
 15062 | D:8      | Killed a four-headed hydra
 15446 | Lair:1   | Reached skill level 5 in Evocations
 15498 | Lair:1   | Noticed a five-headed hydra
 15512 | Lair:1   | Killed a five-headed hydra
 16042 | Lair:1   | Reached XP level 12. HP: 102/102 MP: 16/24
 16043 | Lair:1   | Reached skill level 5 in Dodging
 16232 | Lair:1   | Noticed an eight-headed hydra
 16476 | D:8      | Killed an eight-headed hydra
 17316 | Lair:1   | Reached *** piety under Vehumet
 17742 | Lair:1   | Reached skill level 5 in Staves
 19039 | Lair:2   | Found a frozen archway.
 19048 | IceCv    | Entered an ice cave
 19225 | IceCv    | Noticed a death yak
 19236 | IceCv    | Noticed a death yak
 19241 | IceCv    | Killed a death yak
 19349 | IceCv    | Noticed a death yak
 19357 | IceCv    | Noticed a death yak
 19393 | IceCv    | Killed a death yak
 19394 | IceCv    | Noticed a frost giant
 19396 | IceCv    | Killed a death yak
 19629 | IceCv    | Noticed a death yak
 20039 | IceCv    | Offered knowledge of Conjure Flame by Vehumet.
 20047 | IceCv    | Learned a level 3 spell: Conjure Flame
 20050 | IceCv    | Learned a level 2 spell: Scorch
 20055 | IceCv    | Learned a level 4 spell: Flame Wave
 20347 | IceCv    | Reached skill level 1 in Fire Magic
 20378 | IceCv    | Killed a death yak
 20379 | IceCv    | Gained mutation: You have claws for hands. [demonic
                  | ancestry]
 20379 | IceCv    | Reached XP level 13. HP: 40/108 MP: 5/25
 21924 | IceCv    | Killed from afar by a frost giant

Illustrated notes

Levels and vault maps discovered:
D:1:      reono_arrival_forest_river, layout_loops_ring, serial_shops,
          nicolae_lakefront_shop, nicolae_ecumenical_snake_handling,
          serial_bayou_pond_d, corexii_leaking_fountain
D:2:      layout_rooms, uniq_terence, uniq_sigmund
D:3:      minmay_inner_zag, layout_basic,
          grunt_temple_overflow_champion_of_chaos,
          mainiacjoe_overflow_tiny_flanked, okawaru_trees_2, serial_shops, shop,
          st_stairs_14
D:4:      layout_loops_ring
D:5:      layout_gridville, uniq_prince_ribbit1
D:6:      layout_cave_pools, nicolae_yredelemnul_ghost_church,
          minmay_temple_entry_drinking_statues, portal_sewer_entry_d
D:7:      layout_basic, nicolae_sif_muna_condensation, grunt_gozag_statues,
          hellmonk_ghost_happy_afterlife, columned_hall_lemuel
D:8:      layout_basic, mainiacjoe_overflow_alcove_4, general_overflow_altar,
          amcnicky_altar_gilded, dpeg_oklobed_lair, minmay_holes, uniq_maggie,
          uniq_psyche, uniq_amaemon
D:9:      layout_cave_pools, mainiacjoe_overflow_catwalk, old_standard_altar,
          erik_orc_1, chequers_big_river, grunt_potential
D:10:     layout_cave_pools, nicolae_dithmenos_through_a_glass_darkly,
          lemuel_doored_altar, kennysheep_small_square, uniq_harold
D:11:     wad_crossroads, layout_irregular_city, minivault_20,
          nicolae_zen_rock_garden
Temple:   hellmonk_temple_flake
Lair:1:   layout_cave_pods, minmay_hedge_maze, grunt_megastairs_5,
          lemuel_fruit_tree
Lair:2:   layout_cave_shapes, portal_ice_cave_entry_pillars_1, roderic_batcave,
          grunt_megastairs_2
IceCv:    ice_cave_small_giant

Skill      XL: |  1  2  3  4  5  6  7  8  9 10 11 12 13 |
---------------+----------------------------------------+-----
Dodging        | 2 4 5 |  5.0
Stealth        | 2 4 5 |  5.0
Spellcasting   | 3 4 8 |  8.0
Conjurations   | 5 6 8 10 | 10.0
Shields        | 2 4 5 |  5.0
Fighting       | 3 9 12 | 12.0
Evocations     | 5 |  5.0
Staves         | 9 |  9.6
Fire Magic     | 1 2 |  2.4

Action                   |  1- 3 |  4- 6 |  7- 9 | 10-12 | 13-15 || total
-------------------------+-------+-------+-------+-------+-------++-------
Melee: Hand axe          |     4 |       |       |       |       ||     4
       Unarmed           |     1 |       |       |       |       ||     1
       Demon blade       |     7 |     6 |       |       |       ||    13
       Spear             |       |       |     6 |    27 |       ||    33
       Staff             |       |       |       |    34 |       ||    34
 Cast: Magic Dart        |    30 |    51 |    24 |    25 |       ||   130
       Searing Ray       |    21 |    12 |    62 |   151 |    21 ||   267
       Fulminant Prism   |       |       |    10 |   147 |    18 ||   175
       Iskenderun's Myst |       |       |     1 |    27 |     1 ||    29
       Scorch            |       |       |       |     3 |     9 ||    12
       Flame Wave        |       |       |       |     1 |       ||     1
       Conjure Flame     |       |       |       |       |     5 ||     5
Evoke: Wand              |       |       |       |     2 |       ||     2
  Use: Scroll            |       |       |     4 |     8 |     2 ||    14
       Potion            |       |       |       |     9 |     1 ||    10
 Stab: Sleeping          |       |     2 |       |       |       ||     2
Armor: Robe              |     4 |       |     5 |   112 |     2 ||   123
Dodge: Dodged            |    19 |     4 |    27 |   148 |    12 ||   210
Block: Buckler           |       |       |    14 |   129 |     6 ||   149
